 Dungeon Crawl Stone Soup version 0.30-a0-1163-gf69bf04e7a (webtiles) character file.

Game seed: 17994325659473008285

704277 LustLizard the Slayer (level 27, -6/269 HPs)
             Began as a Hill Orc Monk on Apr 27, 2023.
             Was the Champion of Beogh (penitent).
             Killed by divine providence
             ... invoked by a balrug
              (10 damage)
             ... in Pandemonium on Apr 28, 2023.
             The game lasted 03:25:53 (72137 turns).

LustLizard the Slayer (Hill Orc Monk)              Turns: 72137, Time: 03:25:54

Health: -6/269     AC: 43    Str: 32    XL:     27
Magic:  0/38       EV: 29    Int: 18    God:    Beogh [******]
Gold:   7153       SH: 19    Dex: 27    Spells: 44/48 levels left

rFire   + + +        Y - +4 broad axe "Tiapnom" {vamp, rF++ Str+3 Int+8 Stlth-}
rCold   + + +        R - +2 buckler of Mumblety Peg {+Blink rElec rPois rC+}
rNeg    + + +        i - +7 gold dragon scales
rPois   +            r - +0 helmet of Pinuna Bymi {rC+ rN+ Will+}
rElec   +            u - +2 cloak
rCorr   +            U - +2 pair of gloves
SInv    .            X - +1 pair of boots of the Stallion {rCorr}
Will    +++..        O - brooch of Shielding {Spirit SH+8} Stlth
                     a - ring of the Cuttlefish {EV+5 Str+5 Int-4 Dex+8}
HPRegen 0.64/turn    P - ring of the Robin {Contam Drain rN+++ EV+5 Dex+6}
MPRegen 0.26/turn

%: guardian spirit
@: mighty, weakened, unable to read
A: talons 1, screaming 1
}: 6/15 runes: decaying, serpentine, slimy, silver, abyssal, demonic
a: Renounce Religion, Evoke Blink


You were in Pandemonium.
You worshipped Beogh.
Beogh was demanding penance.
You visited 10 branches of the dungeon, and saw 52 of its levels.
You visited Pandemonium 1 time, and saw 3 of its levels.
You visited the Abyss 2 times.
You also visited: Ossuary.

You collected 10598 gold pieces.
You spent 3445 gold pieces at shops.

Inventory:

Hand Weapons
 d - a +9 executioner's axe of draining
 Y - the +4 broad axe "Tiapnom" (weapon) {vamp, rF++ Str+3 Int+8 Stlth-}
   (You found it on level 9 of the Dungeon)

   Str:       It affects your strength (+3).
   Int:       It affects your intelligence (+8).
   rF:        It greatly protects you from fire.
   Stlth:     It makes you less stealthy.
Missiles
 q - 2 throwing nets
Armour
 i - +7 gold dragon scales (worn)
 k - the +2 hat of the Bear Spirit {Spirit, Bear, *Rage Will++}
   (You found it on level 5 of the Pits of Slime)

   Bear:      Going berserk makes the wearer exceptionally tough, and they are
   slowed for a shorter time afterward.
   *Rage:     It berserks you when you make melee attacks (+20% chance).
   Will:      It greatly increases your willpower.
 r - the +0 helmet of Pinuna Bymi (worn) {rC+ rN+ Will+}
   (You found it on level 3 of the Depths)

   rC:        It protects you from cold.
   rN:        It protects you from negative energy.
   Will:      It increases your willpower.
 u - a +2 cloak (worn)
 R - the +2 buckler of Mumblety Peg (worn) {+Blink rElec rPois rC+}
   (You bought it in a shop on level 6 of the Dungeon)

   rC:        It protects you from cold.
   rElec:     It insulates you from electricity.
   rPois:     It protects you from poison.
   +Blink:    It lets you blink.
 U - a +2 pair of gloves (worn)
 X - the +1 pair of boots of the Stallion (worn) {rCorr}
   (You found it on level 3 of the Elven Halls)

   rCorr:     It protects you from acid and corrosion.
Jewellery
 a - the ring of the Cuttlefish (left hand) {EV+5 Str+5 Int-4 Dex+8}
   (You found it on level 1 of the Snake Pit)

   [ring of evasion]

   EV:        It affects your evasion (+5).
   Str:       It affects your strength (+5).
   Int:       It affects your intelligence (-4).
   Dex:       It affects your dexterity (+8).
 j - an amulet of regeneration
 t - the ring of the Cicada {Dex+2 SInv Stlth+}
   (You found it on level 5 of the Vaults)

   [ring of see invisible]

   Dex:       It affects your dexterity (+2).
   SInv:      It lets you see invisible.
   Stlth:     It makes you more stealthy.
 C - a ring of flight
 M - the ring of Taifeve {Wiz rF- Will+ MP+9 Dex+5}
   (You found it on level 5 of the Lair of Beasts)

   [ring of wizardry]

   It improves your spell success rate.
   Dex:       It affects your dexterity (+5).
   rF:        It makes you vulnerable to fire.
   MP:        It affects your magic capacity (+9).
   Will:      It increases your willpower.
 N - a ring of willpower
 O - the brooch of Shielding (around neck) {Spirit SH+8}
   (You bought it in a shop on level 1 of the Elven Halls)

   [amulet of guardian spirit]

   It causes incoming damage to be divided between your reserves of health and
   magic.
   SH:        It affects your SH (+8).
 P - the ring of the Robin (right hand) {Contam Drain rN+++ EV+5 Dex+6}
   (You found it on level 7 of the Dungeon)

   [ring of evasion]

   EV:        It affects your evasion (+5).
   Dex:       It affects your dexterity (+6).
   rN:        It renders you almost immune to negative energy.
   Contam:    It causes magical contamination when unequipped.
   Drain:     It drains your maximum health when unequipped.
 T - the ring "Avuj" {rElec EV+5 Str+3 Dex+4}
   (You found it on level 5 of the Vaults)

   [ring of evasion]

   EV:        It affects your evasion (+5).
   Str:       It affects your strength (+3).
   Dex:       It affects your dexterity (+4).
   rElec:     It insulates you from electricity.
Wands
 g - a wand of iceblast (37) (quivered)
 o - a wand of quicksilver (36)
 y - a wand of mindburst (31)
 D - a wand of flame (92)
 S - a wand of polymorph (30)
 W - a wand of digging (3)
 Z - a wand of charming (54)
Scrolls
 b - 6 scrolls of silence
 e - 24 scrolls of teleportation
 n - 14 scrolls of magic mapping
 p - 13 scrolls of fog
 v - 9 scrolls of fear
 x - 9 scrolls of poison
 E - 3 scrolls of enchant weapon
 H - 8 scrolls of blinking
 I - 8 scrolls of butterflies
Potions
 c - 5 potions of ambrosia
 f - 12 potions of lignification
 l - 5 potions of berserk rage
 m - a potion of mutation
 w - 15 potions of flight
 B - 3 potions of might
 F - 6 potions of cancellation
 G - 6 potions of resistance
 J - 9 potions of brilliance
 K - 5 potions of invisibility
 L - 8 potions of haste
Miscellaneous
 z - a phial of floods
 A - a lightning rod (4/4)
 Q - a box of beasts
 V - a phantom mirror (inert)


   Skills:
 + Level 26.3 Fighting
 - Level 25.0 Axes
 - Level 20.9 Armour
 - Level 15.9 Dodging
 - Level 14.2 Shields
 * Level 11.3 Spellcasting
 * Level 7.9 Translocations
 - Level 23.0 Invocations
 - Level 22.5 Evocations


You had 44 spell levels left.
You knew the following spells:

 Your Spells              Type           Power      Damage    Failure   Level
a - Manifold Assault      Tloc           38%        N/A       22%         4

Your spell library contained the following spells:

 Spells                   Type           Power      Damage    Failure   Level
 Apportation              Tloc           76%        N/A       2%          1
 Blink                    Tloc           76%        N/A       3%          2
 Lesser Beckoning         Tloc           76%        N/A       3%          2
 Gell's Gravitas          Tloc           38%        N/A       7%          3
 Teleport Other           Tloc           38%        N/A       7%          3
 Momentum Strike          Conj/Tloc      48%        3d9       19%         2
 Passage of Golubria      Tloc           38%        N/A       22%         4
 Portal Projectile        Hex/Tloc       48%        N/A       34%         3
 Volatile Blastmotes      Fire/Tloc      48%        2d14      34%         3
 Foxfire                  Conj/Fire      40%        2x1d6     52%         1
 Freeze                   Ice            40%        1d6       52%         1
 Kiss of Death            Conj/Necr      40%        2d8       52%         1
 Magic Dart               Conj           40%        1d5       52%         1
 Sandblast                Erth           20%        2d7       52%         1
 Sting                    Tmut/Pois      40%        1d5       52%         1
 Summon Small Mammal      Summ           40%        N/A       52%         1
 Call Imp                 Summ           20%        N/A       65%         2
 Cigotuvi's Dreadful Rot  Necr/Pois/Air  20%        N/A       65%         2
 Ensorcelled Hibernation  Hex/Ice        20%        N/A       65%         2
 Passwall                 Tmut/Erth      8%         N/A       65%         2
 Poisonous Vapours        Pois/Air       20%        N/A       65%         2
 Scorch                   Fire           20%        2d6       65%         2
 Static Discharge         Conj/Air       20%        2-3/arc   65%         2
 Sublimation of Blood     Necr           10%        N/A       65%         2
 Wereblood                Tmut           10%        N/A       65%         2
 Iskenderun's Mystic Bla  Conj/Tloc      24%        2d7       75%         4
 Call Canine Familiar     Summ           10%        N/A       87%         3
 Confusing Touch          Hex            10%        N/A       87%         3
 Dazzling Flash           Conj/Hex       20%        N/A       87%         3
 Hailstorm                Conj/Ice       10%        3d5       87%         3
 Ignite Poison            Fire/Tmut/Pois 10%        N/A       87%         3
 Inner Flame              Hex/Fire       10%        N/A       87%         3
 Mephitic Cloud           Conj/Pois/Air  10%        N/A       87%         3
 Ozocubu's Armour         Ice            10%        N/A       87%         3
 Spider Form              Tmut/Pois      10%        N/A       87%         3
 Stone Arrow              Conj/Erth      20%        3d8       87%         3
 Summon Guardian Golem    Hex/Summ       10%        N/A       87%         3
 Swiftness                Air            10%        N/A       87%         3
 Tukima's Dance           Hex            10%        N/A       87%         3
 Summon Forest            Summ/Tloc      12%        N/A       97%         5
 Dispersal                Tloc           19%        N/A       98%         6
 Airstrike                Air            5%         2d(1-17)  99%         4
 Anguish                  Hex/Necr       5%         N/A       99%         4
 Animate Armour           Summ/Erth      20%        N/A       99%         4
 Animate Dead             Necr           10%        N/A       99%         4
 Cause Fear               Hex            5%         N/A       99%         4
 Dispel Undead            Necr           10%        3d9       99%         4
 Flame Wave               Conj/Fire      10%        2d6       99%         4
 Fulminant Prism          Conj/Hex       5%         3d7       99%         4
 Ice Form                 Ice/Tmut       10%        N/A       99%         4
 Olgreb's Toxic Radiance  Pois           10%        N/A       99%         4
 Petrify                  Tmut/Erth      10%        N/A       99%         4
 Sticky Flame             Conj/Fire      10%        2d3       99%         4
 Summon Ice Beast         Ice/Summ       10%        N/A       99%         4
 Summon Lightning Spire   Summ/Air       10%        N/A       99%         4
 Agony                    Necr           10%        N/A       100%        5
 Alistair's Intoxication  Tmut/Pois      6%         N/A       100%        5
 Blade Hands              Tmut           5%         N/A       100%        5
 Borgnjor's Vile Clutch   Necr/Erth      5%         N/A       100%        5
 Fireball                 Conj/Fire      5%         3d5       100%        5
 Freezing Cloud           Conj/Ice/Air   5%         6-21      100%        5
 Irradiate                Conj/Tmut      5%         3d13      100%        5
 Lee's Rapid Deconstruct  Erth           5%         3d6*      100%        5
 Metabolic Englaciation   Hex/Ice        5%         N/A       100%        5
 Silence                  Hex/Air        5%         N/A       100%        5
 Summon Mana Viper        Hex/Summ       10%        N/A       100%        5
 Yara's Violent Unravell  Hex/Tmut       5%         3d4       100%        5
 Death Channel            Necr           5%         N/A       100%        6
 Eringya's Noxious Bog    Tmut/Pois      5%         N/A       100%        6
 Plasma Beam              Fire/Air       5%         2x1d17    100%        6
 Simulacrum               Ice/Necr       5%         N/A       100%        6
 Starburst                Conj/Fire      5%         6d4       100%        6
 Summon Cactus Giant      Summ           5%         N/A       100%        6
 Dragon Form              Tmut           5%         N/A       100%        7
 Enfeeble                 Hex            5%         N/A       100%        7
 Haunt                    Necr/Summ      5%         N/A       100%        7
 Monstrous Menagerie      Summ           5%         N/A       100%        7
 Orb of Destruction       Conj           5%         9d5       100%        7
 Ozocubu's Refrigeration  Ice            5%         4d8       100%        7
 Spellforged Servitor     Conj/Summ      5%         N/A       100%        7
 Storm Form               Tmut/Air       5%         N/A       100%        7
 Summon Hydra             Summ           5%         N/A       100%        7
 Ignition                 Fire           5%         3d4       100%        8
 Infestation              Necr           5%         N/A       100%        8
 Lehudib's Crystal Spear  Conj/Erth      5%         10d3      100%        8
 Necromutation            Tmut/Necr      5%         N/A       100%        8
 Chain Lightning          Conj/Air       5%         3d6       100%        9
 Dragon's Call            Summ           5%         N/A       100%        9
 Fire Storm               Conj/Fire      5%         8d1       100%        9
 Polar Vortex             Ice            5%         N/A       100%        9
 Shatter                  Erth           5%         3d8*      100%        9


Dungeon Overview and Level Annotations

Branches:
Dungeon (15/15)            Temple (0/1) D:6            Lair (5/5) D:9
  Swamp (4/4) Lair:3        Snake (4/4) Lair:3        Slime (5/5) Lair:5
    Orc (2/2) D:10            Elf (3/3) Orc:2        Vaults (5/5) D:13
  Crypt (0/3) Vaults:3     Depths (4/4) D:15            Zot (5/5) Depths:4
Ossuary (visited)

Altars:
Fedhas
Gozag
Hepliaklqana
Kikubaaqudgha
Okawaru
Ru
Trog
Vehumet
Wu Jian
Xom
Yredelemnul
Beogh
Jiyva

Shops:
D:2 [   D:6 [   D:10 :   Orc:1 [?   Orc:2 :?[:   Elf:1 =:   Snake:4 !
Vaults:3 (   Vaults:4 (

Portals:
Hell: Depths:1 Depths:2 Depths:3 Depths:4
Abyss: Depths:3
Pandemonium: Depths:2 Depths:3
Ziggurat: Depths:3

Annotations:
Vaults:4 3 runed translucent doors, greenreed's ghost, veteran MiBe
Depths:2 exclusion: orange crystal statue, Saint Roka
Zot:1 1 runed translucent door, ziggurnaut's ghost, master TeAE


Innate Abilities, Weirdness & Mutations

You have sharp toenails.
You occasionally shout uncontrollably at your foes.


Message History

* * * LOW HITPOINT WARNING * * *
The Tzitzimitl calls on the powers of darkness!
Your body is wracked with pain!
* * * LOW HITPOINT WARNING * * *
Something closely misses you.
You feel better.
The demonspawn black sun closely misses you.
The balrug gestures at you. Something smites you!
* * * LOW HITPOINT WARNING * * *
You block the demonspawn warmonger's attack.
You block something's attack.
Okay, then.
Okay, then.
Okay, then.
You cannot read scrolls in your current state!
Unknown command.
You see here a +0 short sword of speed.
Unknown command.
You feel very mighty all of a sudden.
The demonspawn black sun calls down the wrath of Kikubaaqudgha upon you.
The bolt of negative energy misses you.
The balrug is no longer absorbing vital energies.
You block the demonspawn black sun's attack.
The demonspawn warmonger completely misses you.
The demonspawn black sun completely misses you.
You hit the demonspawn black sun but do no damage.
The Brimstone Fiend is no longer absorbing vital energies.
The demonspawn black sun mumbles some strange prayers to Kikubaaqudgha against you.
The bolt of negative energy misses you.
The demonspawn warmonger barely misses you.
Unknown command.
You completely miss the demonspawn black sun.
The demonspawn black sun misses you. The balrug gestures at you.
Something smites you!
* * * LOW HITPOINT WARNING * * *
The balrug gestures at you. Something smites you!
You die...

## .. #.
#..
#..#######
.......#
#####
#.)(##
#"@)8#
##6### 61{


32122 ..11#.# #####..#. ..#.. # #... You could see a demonspawn warmonger
(reflecting), a Tzitzimitl, a Brimstone Fiend, an Ice Fiend (black mark), a
demonspawn black sun (fast, black mark), 3 balrugs, an Executioner (fast) and a
ynoxinul.

Vanquished Creatures
  the Royal Jelly (Slime:5)
  Dissolution (Slime:3)
  2 pandemonium lords (Pan)
  4 orbs of fire (Zot:5)
  6 dread liches (Zot:5)
  5 ancient liches (Zot:5)
  The ghost of strangelove the Metallomancer, a master GrEE of Vehumet (Depths:3)
  Mara (Snake:4)
  Josephina (Zot:4)
  Xtahua (Vaults:2)
  Vashnia (Snake:4)
  11 Killer Klowns
  3 curse toes
  Nikola (Swamp:3)
  9 golden dragons
  Jory (Depths:3)
  A profane servitor (Abyss:4)
  The ghost of Qecvurom the Warrior, an adept DrRe of Fedhas (Vaults:1)
  the Enchantress (Depths:1)
  4 bone dragons
  A Tzitzimitl (Pan)
  A shard shrike zombie (Abyss:4)
  3 electric golems
  Jorgrun (D:14)
  12 tentacled monstrosities
  Zenata (Elf:2)
  Mlioglotl (Swamp:1)
  6 Brimstone Fiends (Pan)
  6 liches
  A walking earthen tome (Depths:2)
  23 Orb Guardians (Zot:5)
  7 titans
  A deep elf blademaster (Elf:3)
  2 deep elf master archers (Elf:3)
  13 acid blobs
  2 sphinxes
  6 quicksilver dragons
  A tengu reaver (Vaults:5)
  2 Executioners (Pan)
  9 tentacled starspawn
  The ghost of holysushi the Acrobat, an adept MeMo of Okawaru (Snake:1)
  7 shadow dragons
  Frances (D:14)
  15 storm dragons
  3 thorn hunters
  7 death cobs
  The ghost of Goud the Frost Mage, an adept BaIE of Cheibriados (Swamp:4)
  9 nagarajas
  A revenant (Abyss:4)
  7 draconian monks
  10 fire giants
  9 rockslimes
  9 frost giants
  The ghost of pigah the Cloud Mage, an adept OpWn of Gozag (Swamp:3)
  A fenstrider witch (Swamp:2)
  12 draconian scorchers
  6 draconian knights
  10 vault wardens
  4 deep elf sorcerers
  4 azure jellies (Slime:5)
  5 balrugs
  3 ghost moths
  5 deep elf elementalists (Elf:3)
  4 draconian shifters
  A draconian stormcaller (Zot:2)
  2 demonspawn corrupters (Pan)
  An orc warlord (Vaults:3)
  3 spriggan defenders (Depths:1)
  19 ironbound preservers
  An ophan (Abyss:4)
  10 draconian annihilators
  6 cacodemons
  A war gargoyle (Vaults:4)
  20 very ugly things
  13 stone giants
  2 demonspawn blood saints (Pan)
  7 quicksilver oozes
  10 ironbound thunderhulks
  24 black draconians
  18 green draconians
  7 deep elf annihilators
  2 demonspawn black suns (Pan)
  2 vampire knights
  7 bunyips
  18 white draconians
  8 deep elf demonologists
  2 lorocyprocas
  18 red draconians
  2 eleionomae
  24 purple draconians
  15 dire elephants
  3 spark wasps
  17 yellow draconians
  2 eidola
  7 ettins
  4 crystal guardians (Elf:3)
  7 deep elf death magi
  11 green deaths
  2 jiangshi (Depths:2)
  A shambling mangrove (Swamp:2)
  A merfolk impaler (Depths:1)
  5 fire dragons
  A great orb of eyes (shapeshifter) (Vaults:5)
  3 blizzard demons
  8 great orbs of eyes
  7 deep elf high priests
  17 yaktaur captains
  An entropy weaver (Vaults:4)
  A spriggan zombie (Depths:2)
  Erolcha (Orc:2)
  A peacekeeper (Vaults:4)
  2 rakshasas
  20 hydras
  A caustic shrike simulacrum (Elf:2)
  27 vault guards
  A hell beast (Pan)
  2 salamander tyrants (Snake:2)
  The ghost of Newt the Covert, a journeyman DsGl of Makhleb (Lair:2)
  8 ice dragons
  5 ironbound frosthearts
  An ogre mage (Vaults:5)
  5 ghost crabs
  17 centaur warriors
  13 boulder beetles
  A death knight (D:15)
  3 two-headed ogres
  3 spriggan air magi
  Erica (D:9)
  8 anacondas
  6 deep troll shamans
  A vampire mage (Depths:3)
  8 alligators
  A death yak (Lair:5)
  3 tengu warriors
  20 dancing weapons
  10 naga warriors
  9 deep troll earth magi
  7 hell hogs
  5 shock serpents
  7 spriggan berserkers
  8 thrashing horrors (Abyss:4)
  33 sun demons
  13 deep elf knights
  6 spriggans
  26 naga sharpshooters
  8 soul eaters
  11 hell knights
  11 wretched stars
  A skyshark (shapeshifter) (Depths:2)
  7 iron trolls
  3 salamander mystics (Snake:2)
  2 spectral death yaks
  2 titan skeletons (Depths:2)
  4 sixfirhies (Pan)
  A skeletal warrior (D:15)
  5 naga ritualists
  4 flayed ghosts
  9 glowing orange brains
  3 spriggan druids
  A skyshark (Lair:2)
  A death drake (Depths:4)
  2 goliath frogs
  A shadow demon (Pan)
  A spectral anaconda (Lair:5)
  8 wizards
  11 swamp dragons
  47 deep trolls
  An anaconda zombie (Abyss:4)
  5 harpies
  A lindwurm (shapeshifter) (D:13)
  6 bog bodies
  11 deep elf zephyrmancers
  7 deep elf archers
  11 ironbound convokers
  33 starcursed masses
  A spark wasp zombie (Depths:2)
  5 cyclopes
  5 orc knights
  A golden dragon skeleton (Elf:2)
  30 deep elf pyromancers
  A harpy (shapeshifter) (D:14)
  4 phantasmal warriors
  4 lindwurms
  6 necromancers
  22 ugly things
  7 shining eyes
  13 salamanders
  5 orc sorcerers
  A tengu skeleton (Elf:2)
  A manticore (shapeshifter) (Vaults:5)
  An oklob plant (Lair:5)
  2 manticores
  5 mana vipers
  4 will-o-the-wisps
  22 moths of wrath
  33 large abominations
  4 guardian serpents
  A frost giant zombie (Depths:2)
  4 worldbinders
  A cyclops (shapeshifter) (Vaults:5)
  A water nymph (shapeshifter) (Vaults:5)
  A frost giant skeleton (Depths:2)
  6 elephants
  21 black mambas
  2 fire giant skeletons (Depths:2)
  9 naga magi
  2 rust devils
  3 eyes of devastation
  10 vault sentinels
  2 storm dragon simulacra
  3 demonic crawlers (Pan)
  6 orange demons
  An apocalypse crab (Abyss:4)
  30 smoke demons
  Maggie (Lair:2)
  6 cane toads
  A gargoyle (D:11)
  4 unseen horrors
  4 hellions
  2 molten gargoyles (Elf:2)
  3 efreet
  A komodo dragon (D:13)
  A rime drake (Lair:2)
  6 freezing wraiths
  4 ice devils
  3 kobold demonologists
  A yaktaur (shapeshifter) (Vaults:1)
  27 yaktaurs
  An anaconda simulacrum (Abyss:1)
  2 golden dragon simulacra
  2 tengu conjurers
  7 ancient zymes
  6 tormentors (Pan)
  3 red devils
  A harpy zombie (Abyss:3)
  5 hellwings
  A polar bear (Lair:5)
  A polar bear (shapeshifter) (Elf:2)
  5 trolls
  2 meliai (D:13)
  4 tyrant leeches
  3 hornets
  The ghost of arandomgamer the Poker, an amateur DsCK of Xom (D:3)
  2 harpy skeletons
  17 raiju
  7 blink frogs
  4 flying skulls (Depths:2)
  58 slime creatures
  A slime creature (shapeshifter) (Vaults:5)
  2 air elementals
  2 vampires
  4 humans (Zot:2)
  A dire elephant simulacrum (Lair:5)
  17 ynoxinuls
  5 water elementals
  3 wraiths
  A shadow (D:12)
  An ettin skeleton (Abyss:4)
  25 yaks
  2 fire bats (shapeshifter)
  9 fire elementals
  A human (shapeshifter) (Elf:2)
  2 basilisks
  2 steam dragons (D:7)
  6 golden eyes
  9 chaos spawn
  18 neqoxecs
  18 vampire mosquitoes
  A warg (shapeshifter) (Vaults:5)
  11 redbacks
  42 nagas
  A warg (Orc:2)
  2 spectral cane toads
  14 swamp worms
  A green draconian simulacrum (Zot:4)
  7 acid dragons
  A glowing shapeshifter zombie (Depths:2)
  8 water moccasins
  8 hell hounds
  2 glowing shapeshifter skeletons
  A moth of wrath simulacrum (Zot:4)
  A human skeleton (Depths:2)
  2 ice beasts
  2 sky beasts
  3 orc warriors
  9 swamp drakes
  10 small abominations
  2 black bears (D:9)
  A black mamba simulacrum (Lair:2)
  2 elephant zombies (Lair:5)
  2 boggarts (Elf:2)
  6 wolves (Lair:2)
  5 ogres
  22 centaurs
  A phantom (D:7)
  3 kobold brigands
  A gnoll sergeant (D:7)
  7 bullfrogs
  A cane toad simulacrum (Lair:5)
  A scorpion (D:7)
  4 earth elementals
  6 wights
  2 killer bees (D:9)
  2 elephant simulacra (Lair:5)
  2 electric eels (Snake:2)
  A howler monkey (D:7)
  4 centaur zombies
  A human zombie (Ossuary)
  A lava snake (Elf:2)
  2 crimson imps
  A quasit (Abyss:1)
  2 hounds
  A jelly (D:7)
  3 orc priests
  2 sleepcaps
  Crazy Yiuf (D:3)
  3 iron imps
  2 iguanas (D:7)
  7 orc wizards
  3 mummies (Ossuary)
  7 adders
  5 gnolls
  A shadow imp (Abyss:1)
  5 white imps
  An ufetubus (Abyss:1)
  A worm (D:2)
  3 dart slugs
  3 orcs
  9 endoplasms
  4 giant cockroaches
  A gnoll zombie (Ossuary)
  11 goblins
  7 hobgoblins
  7 jackals
  4 ball pythons
  5 bats
  2 frilled lizards (D:1)
  A goblin zombie (Ossuary)
  A hobgoblin zombie (Ossuary)
  25 kobolds
  2 orc zombies (Ossuary)
  3 rats
  13 briar patches
  3 lurking horrors
  8 starspawn tentacles
2100 creatures vanquished.

Vanquished Creatures (collateral kills)
  A dread lich (Vaults:1)
  An orb of fire (Zot:5)
  Bai Suzhen (Depths:2)
  An electric golem (Zot:5)
  2 liches
  2 Orb Guardians (Zot:5)
  A quicksilver dragon (Zot:2)
  8 acid blobs
  2 shadow dragons (Vaults:1)
  A death cob (Zot:4)
  A storm dragon (Zot:1)
  7 nagarajas (Snake:4)
  3 azure jellies
  2 rockslimes
  A revenant (Depths:2)
  A fire giant (Depths:3)
  2 frost giants
  An iron dragon (Vaults:4)
  Aizul (Snake:1)
  An orc warlord (Orc:2)
  Louise (Snake:4)
  3 vault wardens
  2 ironbound preservers (Vaults:4)
  A reaper (Depths:2)
  4 quicksilver oozes
  4 very ugly things
  4 stone giants
  A vampire knight (Depths:2)
  A bunyip (Swamp:1)
  A green draconian (Zot:4)
  A red draconian (Zot:4)
  A deep elf annihilator (Vaults:4)
  2 black draconians
  3 dire elephants
  A purple draconian (Zot:2)
  4 hydras
  3 yaktaur captains
  2 salamander tyrants (Snake:4)
  2 rakshasas
  An ice dragon (Depths:2)
  An ironbound frostheart (Vaults:3)
  3 spectral humans (Vaults:1)
  2 tengu warriors
  An anaconda (Snake:4)
  7 dancing weapons
  3 centaur warriors (Vaults:2)
  An alligator (Swamp:1)
  A two-headed ogre (D:7)
  2 death yaks (Lair:5)
  3 naga warriors (Snake:4)
  A deep troll shaman (Depths:1)
  A deep troll earth mage (Depths:2)
  A spriggan berserker (Depths:3)
  9 naga sharpshooters
  2 thrashing horrors (Abyss:4)
  4 sun demons
  A spectral death yak (Lair:5)
  5 deep elf knights
  2 skysharks
  2 wretched stars
  Sonja (Lair:3)
  A fire crab (Elf:2)
  The ghost of Sobieck the Grappler, a novice GrMo (D:9)
  A sixfirhy (Depths:2)
  A shadow wraith (Vaults:1)
  3 naga ritualists
  8 deep trolls
  4 flayed ghosts
  3 swamp dragons (Lair:5)
  A sphinx zombie (Depths:2)
  An obsidian statue (Lair:5)
  2 bog bodies
  8 deep elf pyromancers
  5 necromancers
  4 deep elf archers (Elf:2)
  A shadow dragon skeleton (Depths:2)
  An orc knight (Orc:1)
  3 orc sorcerers (Orc:2)
  5 deep elf zephyrmancers
  3 oklob plants (Lair:5)
  2 will-o-the-wisps
  4 ugly things (Vaults:4)
  4 salamanders
  A shining eye (Slime:2)
  A manticore (D:14)
  2 moths of wrath (Zot:4)
  7 elephants
  An orange demon (Pan)
  8 black mambas
  A frost giant skeleton (Depths:2)
  2 vault sentinels
  6 naga magi
  A guardian serpent (Snake:4)
  4 cane toads
  A fire giant skeleton (Depths:2)
  A smoke demon (Depths:4)
  A storm dragon simulacrum (Zot:4)
  2 yaktaurs
  An efreet (D:14)
  A komodo dragon (Lair:3)
  A tengu conjurer (D:15)
  3 ancient zymes
  2 hornets
  A troll (Orc:2)
  5 dream sheep (Lair:5)
  2 spriggan zombies
  A blink frog (Abyss:1)
  A spectral dream sheep (Lair:2)
  22 slime creatures
  3 ynoxinuls (Pan)
  A large abomination (Pan)
  An air elemental (Elf:3)
  16 yaks
  A spriggan (Swamp:1)
  2 starcursed masses (Abyss:1)
  2 water elementals
  A basilisk (Lair:1)
  A human (Zot:2)
  A neqoxec (Abyss:1)
  11 golden eyes
  3 steam dragons
  3 vampire mosquitoes (D:12)
  10 nagas
  A spectral cane toad (Lair:2)
  A warg (Orc:2)
  5 water moccasins
  Duvessa (D:4)
  A hell hound (Pan)
  A black bear (D:5)
  A swamp drake (Lair:5)
  An elephant zombie (Lair:5)
  2 ice beasts
  A sky beast (D:7)
  3 ogres
  2 centaurs
  2 kobold brigands (D:8)
  4 scorpions
  6 bullfrogs
  A cane toad simulacrum (Lair:2)
  6 wights
  Dowan (D:4)
  3 killer bees (D:9)
  A howler monkey (D:7)
  An electric eel (D:12)
  3 crimson imps (D:7)
  A lava snake (Elf:2)
  2 quasits
  A human simulacrum (Vaults:1)
  A small abomination (Abyss:1)
  6 orc priests
  A sleepcap (D:4)
  3 iguanas
  18 orc wizards
  5 gnolls
  4 adders
  4 white imps
  An ufetubus (Abyss:1)
  A worm (D:5)
  A dart slug (D:3)
  20 orcs
  A giant cockroach (D:3)
  A goblin (D:4)
  7 kobolds
  A lurking horror (Abyss:1)
463 creatures vanquished.

Vanquished Creatures (others)
  2 ancient liches (Vaults:5)
  Saint Roka (Depths:2)
  A lich (Vaults:5)
  A storm dragon (Zot:4)
  5 orc warlords
  A ghost moth (Zot:5)
  A deep elf annihilator (Elf:3)
  A bunyip (Swamp:4)
  4 orc high priests
  An ice dragon (Depths:3)
  A dancing weapon (Elf:3)
  A naga warrior (Snake:4)
  6 orc sorcerers
  A hell knight (Vaults:5)
  3 deep elf knights
  A deep troll (Vaults:5)
  A spriggan druid (Swamp:3)
  A bog body (Swamp:3)
  A swamp dragon (Swamp:4)
  2 lindwurms
  35 orc knights
  A deep elf pyromancer (Elf:1)
  A deep elf zephyrmancer (Elf:2)
  A salamander (Snake:2)
  25 orc warriors
  3 bloated husks
  A jumping spider (Zot:2)
  A small abomination (Elf:2)
  A swamp worm (Swamp:3)
  30 orc priests
  A hound (Abyss:1)
  34 orc wizards
  59 orcs
  2 briar patches
  36 foxfires
  32 fungi
  A lurking horror (Abyss:4)
  50 plants
  23 starspawn tentacles
  36 withered plants
409 creatures vanquished.

Grand Total: 2972 creatures vanquished

Notes
Turn   | Place    | Note
-------+----------+-------------------------------------------
     0 | D:1      | LustLizard the Hill Orc Monk began the quest for the Orb.
     0 | D:1      | Reached XP level 1. HP: 19/19 MP: 1/1
   174 | D:1      | Reached XP level 2. HP: 11/27 MP: 2/2
   303 | D:1      | Reached skill level 4 in Fighting
   453 | D:1      | Reached skill level 5 in Axes
   463 | D:1      | Reached XP level 3. HP: 33/33 MP: 3/3
   760 | D:2      | Found Ryxzim's Armour Boutique.
   834 | D:2      | Found an ornate altar of the Wu Jian Council.
  1139 | D:2      | Found a faded altar of an unknown god.
  1164 | D:2      | Reached XP level 4. HP: 15/41 MP: 4/4
  1939 | D:2      | Prayed at the altar of an unknown god.
  1939 | D:2      | Became a worshipper of Beogh the Brigand
  1939 | D:2      | Reached * piety under Beogh
  1939 | D:2      | Reached ** piety under Beogh
  1963 | D:3      | Reached *** piety under Beogh
  2041 | D:3      | Found a runed translucent door.
  2046 | D:3      | Noticed arandomgamer's ghost (amateur DsCK)
  2146 | D:3      | Reached XP level 5. HP: 37/47 MP: 5/5
  2260 | D:3      | Noticed a sky beast
  2278 | D:3      | Killed a sky beast
  2279 | D:3      | Reached skill level 5 in Fighting
  2279 | D:3      | Reached XP level 6. HP: 21/56 MP: 6/6
  2716 | D:3      | Found a runed translucent door.
  2717 | D:3      | Noticed Crazy Yiuf
  2726 | D:3      | Killed Crazy Yiuf
  2849 | D:3      | Found a basalt altar of Yredelemnul.
  2866 | D:3      | Found a blossoming altar of Fedhas.
  3194 | D:4      | Noticed Dowan
  3202 | D:4      | Noticed Duvessa
  3203 | D:4      | Killed Dowan
  3210 | D:4      | Killed Duvessa
  3211 | D:4      | Reached skill level 6 in Fighting
  3491 | D:4      | Reached XP level 7. HP: 55/63 MP: 7/7
  3611 | D:4      | Reached skill level 1 in Invocations
  4267 | D:5      | Entered Level 5 of the Dungeon
  4666 | D:5      | Reached **** piety under Beogh
  4755 | D:5      | Gained Grimold as an ally
  4947 | D:5      | Reached XP level 8. HP: 71/71 MP: 9/11
  5624 | D:6      | Reached skill level 1 in Armour
  5841 | D:6      | Reached skill level 10 in Axes
  5841 | D:6      | Reached skill level 5 in Invocations
  5974 | D:6      | Reached skill level 7 in Fighting
  6129 | D:6      | Found a staircase to the Ecumenical Temple.
  6229 | D:6      | Found a hazy altar of Hepliaklqana.
  6230 | D:6      | Found a sacrificial altar of Ru.
  6422 | D:6      | Found Ycekk's Armour Emporium.
  6852 | D:7      | Reached XP level 9. HP: 79/79 MP: 13/13
  6860 | D:7      | Noticed an unseen horror
  6892 | D:7      | Killed an unseen horror
  6953 | D:7      | Found a sand-covered staircase.
  6962 | Ossuary  | Entered an ossuary
  7234 | D:7      | Reached ***** piety under Beogh
  7378 | D:7      | Identified the ring of the Robin {Contam Drain rN+++ EV+5
                  | Dex+6}
  7382 | D:7      | Noticed a boulder beetle
  7411 | D:7      | Killed a boulder beetle
  7412 | D:7      | Reached skill level 8 in Fighting
  7597 | D:7      | Noticed a two-headed ogre
  7608 | D:7      | Reached XP level 10. HP: 79/90 MP: 16/16
  7611 | D:7      | Killed a two-headed ogre
  7617 | D:7      | Reached skill level 5 in Armour
  7766 | D:7      | Reached skill level 10 in Invocations
  8104 | D:7      | Reached skill level 9 in Fighting
  8258 | D:7      | Found a shimmering altar of Xom.
  8522 | D:8      | Found an iron altar of Okawaru.
  8908 | D:8      | Noticed a cyclops
  8918 | D:8      | Killed a cyclops
  9281 | D:9      | Gained Arkwar as an ally
  9284 | D:9      | Reached XP level 11. HP: 87/97 MP: 19/19
  9421 | D:6      | Bought the +2 buckler of Mumblety Peg {+Blink rElec rPois
                  | rC+} for 560 gold pieces
  9675 | D:9      | Found a runed translucent gate.
  9676 | D:9      | Found a runed translucent gate.
  9676 | D:9      | Noticed Sobieck's ghost (novice GrMo)
  9676 | D:9      | Noticed a ten-headed hydra
  9677 | D:9      | Found a runed translucent gate.
  9695 | D:9      | Found a staircase to the Lair.
  9923 | D:9      | Noticed a two-headed ogre
  9926 | D:9      | Noticed Erica
  9930 | D:9      | Killed a two-headed ogre
  9939 | D:9      | Killed Erica
 10353 | D:9      | Identified the +0 hat "Zolirph" {rPois rC- Will+ Slay+3}
 10496 | D:9      | Found an ornate altar of the Wu Jian Council.
 10687 | D:3      | Killed arandomgamer's ghost
 10844 | D:10     | Entered Level 10 of the Dungeon
 10907 | D:10     | Reached skill level 10 in Fighting
 10927 | D:10     | Reached skill level 15 in Axes
 11039 | D:10     | Found a staircase to the Orcish Mines.
 11327 | D:10     | Found Ablod's Book Boutique.
 11371 | D:10     | Identified the +6 falchion of Articulation {freeze, Will+}
 11584 | D:11     | Found an opulent altar of Gozag.
 11584 | D:11     | Noticed a two-headed ogre
 11593 | D:11     | Killed a two-headed ogre
 11603 | D:11     | Noticed a soul eater
 11770 | D:11     | Found an opulent altar of Gozag.
 11770 | D:11     | Found an opulent altar of Gozag.
 11812 | D:11     | Found an opulent altar of Gozag.
 11974 | D:11     | Noticed a cyclops
 11986 | D:11     | Killed a cyclops
 11989 | D:11     | Reached XP level 12. HP: 78/107 MP: 21/21
 12404 | D:11     | Gained Herok as an ally
 12847 | D:12     | Reached skill level 1 in Shields
 12918 | D:12     | Reached skill level 1 in Evocations
 13471 | D:12     | Your ally Herok died
 13725 | D:12     | Noticed a boulder beetle
 13742 | D:12     | Reached skill level 11 in Fighting
 13753 | D:12     | Killed a boulder beetle
 13950 | D:12     | Found a hazy altar of Hepliaklqana.
 14075 | D:9      | Killed Sobieck's ghost
 14077 | D:9      | Killed a ten-headed hydra
 14081 | D:9      | Identified the +4 broad axe "Tiapnom" {vamp, rF++ Str+3
                  | Int+8 Stlth-}
 14186 | Lair:1   | Entered Level 1 of the Lair of Beasts
 14558 | Lair:1   | Reached XP level 13. HP: 116/116 MP: 23/23
 14702 | Lair:1   | Identified the ring "Yheaz" {rN+ Dex+6}
 14964 | Lair:2   | Found a runed translucent gate.
 14964 | Lair:2   | Found a runed translucent gate.
 14964 | Lair:2   | Found a runed translucent gate.
 14964 | Lair:2   | Noticed Newt's ghost (journeyman DsGl)
 14974 | Lair:2   | Noticed Maggie
 14990 | Lair:2   | Killed Maggie
 15622 | Lair:2   | Killed Newt's ghost
 15786 | Lair:3   | Found a staircase to the Swamp.
 15804 | Lair:3   | Noticed Sonja
 15811 | Lair:3   | Your ally Grimold died
 15813 | Lair:3   | Killed Sonja
 15953 | Lair:3   | Reached skill level 15 in Invocations
 16197 | Lair:3   | Found a staircase to the Snake Pit.
 16595 | Lair:4   | Gained Learuk as an ally
 17285 | Lair:5   | Entered Level 5 of the Lair of Beasts
 17385 | Lair:5   | Gained Borgk as an ally
 17399 | Lair:5   | Reached skill level 5 in Shields
 17497 | Lair:5   | Reached skill level 12 in Fighting
 17533 | Lair:5   | Reached XP level 14. HP: 126/126 MP: 25/25
 17954 | Lair:5   | Found a viscous altar of Jiyva.
 17976 | Lair:5   | Found a staircase to the Slime Pits.
 18009 | Lair:5   | Your ally Learuk died
 18360 | Lair:5   | Noticed a dire elephant
 18360 | Lair:5   | Noticed a dire elephant
 18360 | Lair:5   | Noticed a dire elephant
 18448 | Lair:5   | Reached skill level 5 in Evocations
 18453 | Lair:5   | Identified the +4 glaive of Bost {heavy, rPois rN++ Int+2}
 18486 | Lair:5   | Reached ****** piety under Beogh
 18569 | Lair:5   | Reached skill level 5 in Dodging
 18654 | Lair:5   | Killed a dire elephant
 18657 | Lair:5   | Killed a dire elephant
 18661 | Lair:5   | Killed a dire elephant
 18861 | Lair:5   | Identified the ring of Taifeve {Wiz rF- Will+ MP+9 Dex+5}
 19330 | Orc:1    | Entered Level 1 of the Orcish Mines
 19330 | Orc:1    | Found Kuqug's Magic Scroll Boutique.
 19387 | Orc:1    | Found Tagereig's Antique Armour Shoppe.
 19555 | Orc:2    | Entered Level 2 of the Orcish Mines
 19555 | Orc:2    | Noticed an orc warlord
 19564 | Orc:2    | Killed an orc warlord
 19573 | Orc:2    | Found a staircase to the Elven Halls.
 19899 | Orc:2    | Found Ysit's Book Shop.
 19916 | Orc:2    | Found an ancient bone altar of Kikubaaqudgha.
 19920 | Orc:2    | Gained Olfrun as an ally
 19923 | Orc:2    | Found Cein Bung's Magic Scroll Shop.
 19929 | Orc:2    | Your ally Olfrun died
 19948 | Orc:2    | Found a radiant altar of Vehumet.
 19948 | Orc:2    | Noticed Erolcha
 19955 | Orc:2    | Killed Erolcha
 20032 | Orc:2    | Found a roughly hewn altar of Beogh.
 20032 | Orc:2    | Found Lupluvas's Antique Armour Shop.
 20053 | Orc:2    | Found Repingutyv's Book Boutique.
 20249 | Orc:2    | Bought a glowing plate armour for 468 gold pieces
 20336 | Orc:1    | Bought an embroidered cloak for 210 gold pieces
 20356 | Orc:1    | Bought a scroll of enchant armour for 127 gold pieces
 20356 | Orc:1    | Bought 2 scrolls of blinking for 255 gold pieces
 20356 | Orc:1    | Bought 2 scrolls of enchant weapon for 255 gold pieces
 20592 | D:13     | Reached skill level 10 in Armour
 20596 | D:13     | Gained Wargath as an ally
 20621 | D:13     | Your ally Wargath died
 20692 | D:13     | Found a gate to the Vaults.
 20793 | D:13     | Noticed a frost giant
 20811 | D:13     | Killed a frost giant
 20835 | D:13     | Reached XP level 15. HP: 134/134 MP: 27/27
 21219 | D:13     | Got the Grimoire of Charred Vitiation
 21260 | D:13     | Reached skill level 13 in Fighting
 21329 | D:13     | Noticed a fire giant
 21340 | D:13     | Killed a fire giant
 21681 | D:14     | Noticed Jorgrun
 21696 | D:14     | Killed Jorgrun
 21991 | D:14     | Noticed Frances
 21991 | D:14     | Found the +8 Vampire's Tooth {megavamp}
 22002 | D:14     | Killed Frances
 22172 | D:15     | Entered Level 15 of the Dungeon
 22190 | D:15     | Gained Murdo as an ally
 22701 | D:15     | Found an opulent altar of Gozag.
 22857 | D:15     | Gained Arbolt as an ally
 23032 | D:15     | Your ally Murdo died
 23043 | D:15     | Found a staircase to the Depths.
 23443 | Swamp:1  | Entered Level 1 of the Swamp
 23642 | Swamp:1  | Noticed Mlioglotl
 23657 | Swamp:1  | Noticed an ancient lich
 23660 | Swamp:1  | Noticed a tentacled starspawn
 23663 | Swamp:1  | Killed Mlioglotl
 23668 | Swamp:1  | Reached XP level 16. HP: 110/144 MP: 26/29
 23791 | Swamp:1  | Identified the +0 flail of Jiamitud {protect, rN+ SInv}
 24299 | Swamp:2  | Noticed a fenstrider witch
 24303 | Swamp:2  | Killed a fenstrider witch
 24490 | Swamp:2  | Identified a scroll of acquirement
 24490 | Swamp:2  | Acquired a manual of Fighting
 24593 | Swamp:2  | Gained Brandogh as an ally
 24766 | Swamp:3  | Noticed Nikola
 24787 | Swamp:3  | Noticed a thorn hunter
 24794 | Swamp:3  | Killed Nikola
 24795 | Swamp:3  | Reached skill level 14 in Fighting
 24811 | Swamp:3  | Killed a thorn hunter
 24967 | Swamp:3  | Found a runed translucent door.
 24969 | Swamp:3  | Noticed pigah's ghost (adept OpWn)
 25588 | Swamp:3  | Killed pigah's ghost
 25670 | Swamp:4  | Entered Level 4 of the Swamp
 25742 | Swamp:4  | Noticed a thorn hunter
 25743 | Swamp:4  | Upgraded the game from 0.30-a0-1160-g6e42c06551 to
                  | 0.30-a0-1161-g0704695555
 25783 | Swamp:4  | Killed a thorn hunter
 25914 | Swamp:4  | Found a large runed translucent door.
 25914 | Swamp:4  | Found a large runed translucent door.
 26267 | Swamp:4  | Reached skill level 15 in Fighting
 26433 | Swamp:4  | Noticed Goud's ghost (adept BaIE)
 26570 | Swamp:4  | Reached XP level 17. HP: 127/156 MP: 29/31
 26929 | Swamp:4  | Got a decaying rune of Zot
 27472 | Swamp:4  | Killed Goud's ghost
 27682 | Snake:1  | Entered Level 1 of the Snake Pit
 27703 | Snake:1  | Identified the ring of the Cuttlefish {EV+5 Str+5 Int-4
                  | Dex+8}
 27884 | Snake:1  | Your ally Arbolt died
 27947 | Snake:1  | Noticed holysushi's ghost (adept MeMo)
 27949 | Snake:1  | Found a runed translucent gate.
 27950 | Snake:1  | Found a runed translucent gate.
 27950 | Snake:1  | Found a runed translucent gate.
 28291 | Snake:1  | Gained Boderik as an ally
 28369 | Snake:1  | Noticed Aizul
 28384 | Snake:1  | Killed Aizul
 28590 | Snake:2  | Reached skill level 10 in Shields
 28639 | Snake:2  | Your ally Boderik died
 28982 | Snake:2  | Reached skill level 16 in Fighting
 29188 | Snake:2  | Gained Syrus as an ally
 29190 | Snake:2  | Identified the +0 robe of the Kangaroo {Str+7 Dex+2}
 30438 | Snake:3  | Reached XP level 18. HP: 168/168 MP: 32/32
 30498 | Snake:3  | Reached skill level 10 in Evocations
 30701 | Snake:3  | Reached skill level 17 in Fighting
 30933 | Snake:4  | Entered Level 4 of the Snake Pit
 31167 | Snake:4  | Noticed Vashnia
 31198 | Snake:4  | Killed Vashnia
 31455 | Snake:4  | Gained Thorok as an ally
 31477 | Snake:4  | Got a serpentine rune of Zot
 31597 | Snake:4  | Gained Wulfoc as an ally
 31599 | Snake:4  | Your ally Wulfoc died
 31734 | Snake:4  | Noticed Mara
 31735 | Snake:4  | Noticed Louise
 31748 | Snake:4  | Killed Louise
 31760 | Snake:4  | Noticed LustLizard's illusion
 31768 | Snake:4  | Killed Mara
 32073 | Snake:4  | Found Riyhuaso's Distillery.
 32081 | Snake:4  | Bought a potion of invisibility for 120 gold pieces
 32081 | Snake:4  | Bought a potion of resistance for 150 gold pieces
 32574 | Vaults:1 | Entered Level 1 of the Vaults
 32969 | Vaults:1 | Reached skill level 18 in Fighting
 32974 | Vaults:1 | Identified the +4 scale mail of Sojes {Regen+}
 33087 | Vaults:1 | Noticed Qecvurom's ghost (adept DrRe)
 33107 | Vaults:1 | Found a transporter.
 33111 | Vaults:1 | Noticed a dread lich
 33128 | Vaults:1 | Found a transporter.
 33132 | Vaults:1 | Noticed a lich
 33173 | Vaults:1 | Reached XP level 19. HP: 168/179 MP: 33/33
 33271 | Vaults:1 | Gained Bogwald as an ally
 33504 | Vaults:1 | Your ally Bogwald died
 34023 | Vaults:1 | Identified the +3 ring mail of Privacy {rC++ Int+3}
 34246 | Vaults:1 | Identified the +6 hand axe of Yzxur {heavy, rPois Str+5
                  | Int-2 Stlth+}
 34694 | Snake:1  | Killed holysushi's ghost
 34748 | Snake:1  | Identified the ring "Trusted Companion" {Ice rN+++ Will-
                  | Int-5 SInv}
 35121 | Vaults:2 | You fall into a shaft and drop 2 floors!
 35703 | Vaults:2 | Reached skill level 19 in Fighting
 35706 | Vaults:2 | Reached skill level 10 in Dodging
 35988 | Vaults:2 | Noticed Xtahua
 36007 | Vaults:2 | Killed Xtahua
 36288 | Vaults:2 | Reached XP level 20. HP: 191/191 MP: 34/34
 36294 | Vaults:2 | Gained Arkwar as an ally
 37283 | Vaults:3 | Found a staircase to the Crypt.
 37283 | Vaults:3 | Found a basalt altar of Yredelemnul.
 37283 | Vaults:3 | Found an ancient bone altar of Kikubaaqudgha.
 37496 | Vaults:3 | Found Apiop's Antique Weapon Emporium.
 37677 | Vaults:4 | Noticed a Tzitzimitl
 37914 | Vaults:4 | Reached skill level 20 in Fighting
 38199 | Vaults:4 | Found Fuogh's Weapon Emporium.
 38225 | Vaults:4 | Reached skill level 15 in Armour
 38856 | Vaults:4 | Found a runed translucent gate.
 38856 | Vaults:4 | Found a runed translucent gate.
 38857 | Vaults:4 | Found a runed translucent gate.
 39079 | Vaults:4 | Noticed greenreed's ghost (veteran MiBe)
 39261 | Vaults:1 | Killed a dread lich
 39265 | Vaults:1 | Your ally Thorok died
 39267 | Vaults:1 | Gained Horkud as an ally
 39271 | Vaults:1 | Killed Qecvurom's ghost
 39524 | Elf:1    | Entered Level 1 of the Elven Halls
 39750 | Elf:1    | Found a radiant altar of Vehumet.
 39842 | Elf:1    | Found Ymiogg's Jewellery Boutique.
 39862 | Elf:1    | Bought the brooch of Shielding {Spirit SH+8} for 1300 gold
                  | pieces
 39862 | Elf:1    | Found the brooch of Shielding {Spirit SH+8}
 40085 | Elf:1    | Reached XP level 21. HP: 189/202 MP: 32/35
 40092 | Elf:1    | Gained Ugbert as an ally
 40180 | Elf:1    | Your ally Ugbert died
 40654 | Elf:1    | Found Xaoleuff's Tremendous Tomes.
 40731 | Elf:2    | Noticed Zenata
 40755 | Elf:2    | Killed Zenata
 40770 | Elf:2    | Found the ring of Shadows {Umbra +Inv Stlth+}
 40796 | Elf:2    | Gained Bogbarth as an ally
 40819 | Elf:2    | Gained Orkwin as an ally
 41101 | Elf:2    | Got the Quarto of the Congregation
 41167 | Elf:2    | Found a runed translucent gate.
 41167 | Elf:2    | Found a runed translucent gate.
 41168 | Elf:2    | Found a runed translucent gate.
 41267 | Elf:2    | Got Sif Muna's Dissertation on Causimancy
 41366 | Elf:2    | Noticed a bone dragon
 41384 | Elf:2    | Killed a bone dragon
 41384 | Elf:2    | Gained Jorge as an ally
 41387 | Elf:2    | Reached skill level 15 in Evocations
 41399 | Elf:2    | Your ally Jorge died
 41512 | Elf:2    | Got the Anthology of Spectres
 42503 | Depths:1 | Entered Level 1 of the Depths
 42671 | Depths:1 | Found a bloodstained altar of Trog.
 42894 | Depths:1 | Your ally Orkwin died
 42911 | Depths:1 | Your ally Bogbarth died
 43052 | Depths:1 | Noticed the Enchantress
 43057 | Depths:1 | Reached skill level 21 in Fighting
 43109 | Depths:1 | Killed the Enchantress
 43302 | Depths:1 | Found a gateway to Hell.
 43363 | Depths:1 | Identified the +4 ring mail of the Jabberwock {Str+4}
 43399 | Depths:1 | Paralysed by something for 2 turns
 43453 | Depths:1 | Noticed Saint Roka
 44150 | Depths:2 | Reached XP level 22. HP: 193/213 MP: 32/36
 44390 | Depths:2 | Your ally Saint Roka died
 44531 | Depths:2 | Noticed a golden dragon
 44586 | Depths:2 | Found a runed translucent door.
 44707 | Depths:2 | Gained Jorge as an ally
 44779 | Depths:2 | Your ally Jorge died
 44874 | Depths:2 | Gained Boghold as an ally
 44955 | Depths:2 | Noticed Bai Suzhen
 44968 | Depths:2 | Killed Bai Suzhen
 45072 | Depths:2 | Gained Bogbarth as an ally
 45473 | Depths:2 | Found a one-way gate leading to the halls of Pandemonium.
 45789 | Depths:2 | Killed a golden dragon
 46036 | Depths:3 | Found a one-way gateway to a ziggurat.
 46268 | Depths:3 | Found a one-way gate to the infinite horrors of the Abyss.
 46309 | Depths:3 | Your ally Bogbarth died
 46312 | Depths:3 | Gained Zorug as an ally
 46318 | Depths:3 | Noticed a golden dragon
 46328 | Depths:3 | Your ally Zorug died
 46331 | Depths:3 | Your ally Boghold died
 46341 | Depths:3 | Killed a golden dragon
 46396 | Depths:3 | Noticed a caustic shrike
 46396 | Depths:3 | Noticed a caustic shrike
 46398 | Depths:3 | Noticed a caustic shrike
 46401 | Depths:3 | Noticed a caustic shrike
 46402 | Depths:3 | Noticed a caustic shrike
 46707 | Depths:3 | Identified the +0 helmet of Pinuna Bymi {rC+ rN+ Will+}
 46898 | Depths:3 | Noticed Jory
 46915 | Depths:3 | Killed Jory
 47021 | Depths:3 | Found a runed translucent door.
 47022 | Depths:3 | Noticed strangelove's ghost (master GrEE)
 47074 | Depths:4 | Entered Level 4 of the Depths
 47328 | Depths:4 | Gained Brunolf as an ally
 47328 | Depths:4 | Your ally Brunolf died
 47333 | Depths:4 | Reached XP level 23. HP: 213/222 MP: 25/37
 47357 | Depths:4 | Noticed a golden dragon
 47379 | Depths:4 | Killed a golden dragon
 47463 | Depths:4 | Noticed a golden dragon
 47479 | Depths:4 | Killed a golden dragon
 47480 | Depths:4 | Reached skill level 22 in Fighting
 48105 | Depths:4 | Noticed a golden dragon
 48115 | Depths:4 | Killed a golden dragon
 48346 | Depths:4 | Found a gate to the Realm of Zot.
 49101 | Vaults:5 | Entered Level 5 of the Vaults
 49163 | Vaults:5 | Identified the amulet of Ucawig {RegenMP rPois Str+3}
 49194 | Vaults:5 | Reached XP level 24. HP: 224/233 MP: 9/37
 49228 | Vaults:5 | Paralysed by a floating eye for 2 turns
 49241 | Vaults:4 | Gained Ognian as an ally
 49368 | Vaults:5 | Your ally Ognian died
 49375 | Vaults:5 | Noticed an ancient lich
 49378 | Vaults:5 | Noticed an ancient lich
 49390 | Vaults:5 | Your ally Syrus died
 49390 | Vaults:5 | Killed an ancient lich
 49403 | Vaults:5 | Killed an ancient lich
 49612 | Vaults:5 | Identified the staff of air "Icassob" {rElec rC+ Str+3}
 49714 | Vaults:5 | Identified the +1 falchion of Risk Management {holy, rN+
                  | Int-5 Dex+5}
 49843 | Vaults:5 | Got a silver rune of Zot
 49971 | Vaults:5 | Gained mutation: Your spells are a little easier to cast,
                  | but a little less powerful. [a cacodemon]
 50253 | Vaults:5 | Identified the +6 leather armour "Trusted Companion" {rF+
                  | rC+}
 50280 | Vaults:5 | Identified the +2 long sword of Cruel Justice {holy, rN+
                  | Str+3}
 50295 | Vaults:5 | Identified the +8 rapier of Dullness {spect, SInv}
 50302 | Vaults:5 | Identified the ring "Avuj" {rElec EV+5 Str+3 Dex+4}
 50337 | Vaults:5 | Identified the ring of the Cicada {Dex+2 SInv Stlth+}
 50355 | Vaults:5 | Identified the +2 pair of gloves of the Lusting Gods {-Tele
                  | rN+ Regen+}
 50482 | Vaults:5 | Identified the staff of death "Ulauja" {rPois rN+ Str+3
                  | Dex+4}
 51023 | Elf:3    | Entered Level 3 of the Elven Halls
 51468 | Elf:3    | Reached skill level 23 in Fighting
 51511 | Elf:3    | Got Vocrezepta's Commentary on Firn
 51710 | Elf:3    | Your ally Arkwar died
 51750 | Elf:3    | Identified the +1 quarterstaff "Jayvocs" {pain, Dex+3}
 51879 | Elf:3    | Identified the +11 long sword "Nenaj" {freeze, Str+5 Int+5}
 52239 | Elf:3    | Identified the +6 war axe "Omigi" {freeze, Int+4}
 52239 | Elf:3    | Identified the +2 chain mail of Acsase {rPois Will+}
 52259 | Elf:3    | Identified the +4 quarterstaff "Askij" {freeze, *Slow Will+
                  | Dex+5}
 52259 | Elf:3    | Identified the +1 robe of Omission {-Tele Will++ rCorr}
 52427 | Elf:3    | Identified the +9 great sword of Fixzaami {flame, +Blink}
 52427 | Elf:3    | Identified the +1 morningstar of the Arcadian God {venom,
                  | Int+3}
 52427 | Elf:3    | Identified the amulet of Birdsong {RegenMP Str+3 Dex+3}
 52444 | Elf:3    | Identified the staff of fire "Rooph" {rElec rF+ Str+5}
 52445 | Elf:3    | Identified the ring of Temptation {rC+ Stlth+}
 52448 | Elf:3    | Identified the staff of conjuration "Koneg" {Str-4 Int+6}
 52450 | Elf:3    | Identified the +1 pair of boots of the Stallion {rCorr}
 52472 | Elf:3    | Identified the staff of death "Zurisor" {rN+ Will+ Int-2
                  | Dex+4}
 52523 | Elf:3    | Got Apoigg's Precepts of Flinty Unspeakable Deeds
 52970 | Depths:3 | Killed strangelove's ghost
 53769 | Zot:1    | Entered Level 1 of the Realm of Zot
 53832 | Zot:1    | Your ally Horkud died
 54034 | Zot:1    | Acquired a +6 executioner's axe of draining
 54049 | Zot:1    | Reached XP level 25. HP: 243/243 MP: 35/37
 54453 | Zot:1    | Gained Morbeogh as an ally
 54530 | Zot:1    | Found a runed translucent door.
 54534 | Zot:1    | Noticed ziggurnaut's ghost (master TeAE)
 54672 | Zot:1    | Your ally Morbeogh died
 55287 | Zot:2    | Noticed a Killer Klown
 55288 | Zot:2    | Noticed a Killer Klown
 55288 | Zot:2    | Noticed a Killer Klown
 55288 | Zot:2    | Noticed a Killer Klown
 55319 | Zot:2    | Killed a Killer Klown
 55323 | Zot:2    | Noticed a Killer Klown
 55337 | Zot:2    | Killed a Killer Klown
 55347 | Zot:2    | Killed a Killer Klown
 55359 | Zot:2    | Killed a Killer Klown
 55446 | Zot:2    | Gained Boruk as an ally
 55487 | Zot:2    | Your ally Boruk died
 55886 | Zot:2    | Noticed a Killer Klown
 56257 | Zot:2    | Killed a Killer Klown
 56269 | Zot:2    | Killed a Killer Klown
 56826 | Zot:3    | Noticed a Killer Klown
 56840 | Zot:3    | Killed a Killer Klown
 56920 | Zot:3    | Noticed a Killer Klown
 57003 | Zot:3    | Killed a Killer Klown
 57345 | Zot:3    | Reached skill level 24 in Fighting
 57791 | Zot:3    | Reached XP level 26. HP: 236/254 MP: 34/37
 57989 | Zot:3    | Gained Agrik as an ally
 57989 | Zot:3    | Gained Arbeogh as an ally
 58007 | Zot:4    | Identified the ring "Qamopicu" {Ice rElec Stlth+}
 58007 | Zot:4    | Noticed Josephina
 58008 | Zot:4    | Gained Bogdar as an ally
 58014 | Zot:4    | Your ally Bogdar died
 58028 | Zot:4    | Killed Josephina
 58029 | Zot:4    | Reached skill level 1 in Spellcasting
 58101 | Zot:4    | Your ally Agrik died
 58127 | Zot:4    | Your ally Arbeogh died
 58767 | Zot:5    | Entered Level 5 of the Realm of Zot
 58774 | Zot:5    | Noticed an orb of fire
 59255 | Zot:5    | Noticed a Killer Klown
 59257 | Zot:5    | Noticed a dread lich
 59260 | Zot:5    | Noticed an orb of fire
 59268 | Zot:5    | Gained mutation: You are dopey. (Int -2) [an orb of fire]
 59269 | Zot:5    | Killed an orb of fire
 59269 | Zot:5    | Paralysed by a dread lich for 5 turns
 59282 | Zot:5    | Killed a dread lich
 59291 | Zot:5    | Noticed a Killer Klown
 59329 | Zot:5    | Noticed a dread lich
 59340 | Zot:5    | Killed a Killer Klown
 59342 | Zot:5    | Noticed a dread lich
 59362 | Zot:5    | Killed a dread lich
 59363 | Zot:5    | Reached skill level 15 in Dodging
 59372 | Zot:5    | Killed a dread lich
 59373 | Zot:5    | Reached skill level 5 in Spellcasting
 59373 | Zot:5    | Noticed an ancient lich
 59399 | Zot:5    | Killed an ancient lich
 59491 | Zot:5    | Noticed an orb of fire
 59492 | Zot:5    | Gained mutation: Armour fits poorly on your strangely
                  | shaped body. [an orb of fire]
 59497 | Zot:5    | Killed an orb of fire
 59537 | Zot:5    | Noticed a Killer Klown
 59549 | Zot:5    | Killed a Killer Klown
 59728 | Zot:5    | Gained Bolgrim as an ally
 59728 | Zot:5    | Gained Margrim as an ally
 59780 | Zot:5    | Reached XP level 27. HP: 218/264 MP: 22/37
 59780 | Zot:5    | Noticed a dread lich
 59791 | Zot:5    | Noticed an ancient lich
 59794 | Zot:5    | Noticed an ancient lich
 59795 | Zot:5    | Noticed an orb of fire
 59796 | Zot:5    | Killed a dread lich
 59797 | Zot:5    | Noticed a dread lich
 59798 | Zot:5    | Your ally Bolgrim died
 59800 | Zot:5    | Killed an orb of fire
 59804 | Zot:5    | Your ally Margrim died
 59805 | Zot:5    | Noticed an ancient lich
 59807 | Zot:5    | Paralysed by something for 3 turns
 59813 | Zot:5    | Noticed an orb of fire
 60206 | Zot:5    | Gained mutation: You have hidden genetic defects. [an orb
                  | of fire]
 60213 | Zot:5    | Gained mutation: Your body sometimes deteriorates upon
                  | taking damage. [an orb of fire]
 60217 | Zot:5    | Killed an orb of fire
 60219 | Zot:5    | Noticed an ancient lich
 60238 | Zot:5    | Killed an ancient lich
 60267 | Zot:5    | Noticed a dread lich
 60281 | Zot:5    | Killed an ancient lich
 60304 | Zot:5    | Killed a dread lich
 60378 | Zot:5    | Killed an ancient lich
 60422 | Zot:5    | Killed a dread lich
 60435 | Zot:5    | Killed an ancient lich
 60651 | Zot:5    | Killed an orb of fire
 60676 | Zot:5    | Gained mutation: You occasionally lose the ability to read
                  | scrolls when taking damage. [hidden defects]
 60677 | Zot:5    | Lost mutation: Armour fits poorly on your strangely shaped
                  | body. [potion of mutation]
 60677 | Zot:5    | Lost mutation: Your spells are a little easier to cast, but
                  | a little less powerful. [potion of mutation]
 60677 | Zot:5    | Lost mutation: You have hidden genetic defects. [potion of
                  | mutation]
 60677 | Zot:5    | Gained mutation: You sometimes lose the ability to read
                  | scrolls when taking damage. [potion of mutation]
 60678 | Zot:5    | Lost mutation: You sometimes lose the ability to read
                  | scrolls when taking damage. [potion of mutation]
 60678 | Zot:5    | Lost mutation: You are dopey. (Int -2) [potion of mutation]
 60678 | Zot:5    | Lost mutation: Your body sometimes deteriorates upon taking
                  | damage. [potion of mutation]
 60678 | Zot:5    | Gained mutation: You occasionally lose the ability to drink
                  | potions when taking damage. [potion of mutation]
 60678 | Zot:5    | Gained mutation: You passively map a small area around you.
                  | [potion of mutation]
 60678 | Zot:5    | Gained mutation: You are partially covered in iridescent
                  | scales. (AC +2) [potion of mutation]
 60679 | Zot:5    | Lost mutation: You occasionally lose the ability to read
                  | scrolls when taking damage. [potion of mutation]
 60679 | Zot:5    | Lost mutation: You passively map a small area around you.
                  | [potion of mutation]
 60679 | Zot:5    | Lost mutation: You are partially covered in iridescent
                  | scales. (AC +2) [potion of mutation]
 60679 | Zot:5    | Gained mutation: You have supernaturally acute eyesight.
                  | (SInv) [potion of mutation]
 60679 | Zot:5    | Gained mutation: Your natural rate of healing is unusually
                  | fast. [potion of mutation]
 60680 | Zot:5    | Lost mutation: You occasionally lose the ability to drink
                  | potions when taking damage. [potion of mutation]
 60680 | Zot:5    | Lost mutation: Your natural rate of healing is unusually
                  | fast. [potion of mutation]
 60680 | Zot:5    | Lost mutation: You have supernaturally acute eyesight.
                  | (SInv) [potion of mutation]
 60680 | Zot:5    | Gained mutation: You have hidden genetic potential. [potion
                  | of mutation]
 60680 | Zot:5    | Gained mutation: You are partially covered in iridescent
                  | scales. (AC +2) [potion of mutation]
 61363 | Depths:3 | Voluntarily entered the Abyss.
 61372 | Abyss:1  | Found a corrupted altar of Lugonu.
 61412 | Abyss:1  | Found a corrupted altar of Lugonu.
 61601 | Abyss:1  | Gained Margrim as an ally
 61812 | Abyss:1  | Found a corrupted altar of Lugonu.
 61866 | Abyss:1  | Found a corrupted altar of Lugonu.
 61933 | Abyss:1  | Reached skill level 25 in Fighting
 61957 | Abyss:1  | Your ally Margrim died
 61973 | Abyss:1  | Found a corrupted altar of Lugonu.
 62149 | Abyss:1  | Gained Garbold as an ally
 62601 | Abyss:3  | Gained mutation: You occasionally lose the ability to drink
                  | potions when taking damage. [a neqoxec]
 62605 | Abyss:3  | Lost mutation: You occasionally lose the ability to drink
                  | potions when taking damage. [potion of mutation]
 62605 | Abyss:3  | Lost mutation: You have hidden genetic potential. [potion
                  | of mutation]
 62605 | Abyss:3  | Gained mutation: You have a pair of small horns on your
                  | head. [potion of mutation]
 62605 | Abyss:3  | Gained mutation: You do not regenerate when monsters are
                  | visible. [potion of mutation]
 62605 | Abyss:3  | Gained mutation: You passively dampen the noise of your
                  | surroundings. [potion of mutation]
 62706 | Abyss:3  | Found a corrupted altar of Lugonu.
 62781 | Abyss:3  | Gained Syrus as an ally
 63229 | Abyss:4  | Gained Bladwarg as an ally
 63231 | Abyss:4  | Your ally Bladwarg died
 63278 | Abyss:4  | Gained Morguth as an ally
 63333 | Depths:3 | Escaped the Abyss
 63567 | Depths:3 | Voluntarily entered the Abyss.
 63567 | Abyss:4  | Found a corrupted altar of Lugonu.
 63708 | Abyss:4  | Got an abyssal rune of Zot
 64224 | Depths:3 | Escaped the Abyss
 64314 | Depths:3 | Learned a level 4 spell: Manifold Assault
 64650 | Slime:1  | Entered Level 1 of the Pits of Slime
 65230 | Slime:1  | Reached skill level 1 in Translocations
 65575 | Slime:2  | Gained mutation: Your spells are a little easier to cast,
                  | but a little less powerful. [a shining eye]
 65576 | Slime:2  | Gained mutation: You are dopey. (Int -2) [a shining eye]
 65918 | Slime:3  | Noticed Dissolution
 65923 | Slime:3  | Killed Dissolution
 66114 | Slime:3  | Gained mutation: You are weak. (Str -2) [a shining eye]
 66120 | Slime:3  | Gained mutation: You are very dopey. (Int -4) [a shining
                  | eye]
 66243 | Slime:4  | Gained mutation: Your magical capacity is low. (-10% MP) [a
                  | shining eye]
 66622 | Slime:5  | Entered Level 5 of the Pits of Slime
 66940 | Slime:5  | Your ally Borgk died
 66942 | Slime:5  | Noticed the Royal Jelly
 67115 | Slime:5  | Found a viscous altar of Jiyva.
 67115 | Slime:5  | Gained mutation: You occasionally shout uncontrollably at
                  | your foes. [a shining eye]
 67118 | Slime:5  | Gained mutation: Potions are less effective at restoring
                  | your health. [a shining eye]
 67591 | Slime:5  | Killed the Royal Jelly
 67591 | Slime:5  | Gained Morbeogh as an ally
 67594 | Slime:5  | Your ally Morbeogh died
 67605 | Slime:5  | Your ally Arkwar died
 67606 | Slime:5  | Your ally Brandogh died
 67870 | Slime:5  | Gained mutation: You are very weak. (Str -4) [a shining
                  | eye]
 67948 | Slime:5  | Found the +2 hat of the Bear Spirit {Spirit, Bear, *Rage
                  | Will++}
 67954 | Slime:5  | Identified the +4 scale mail of the Distant Future {Int+3}
 68001 | Slime:5  | Got Caorphomu's Teachings on Chilled Bad Luck
 68060 | Slime:5  | Got a slimy rune of Zot
 68074 | Slime:5  | Identified the +7 short sword "Kouril" {freeze, rF+ rC+
                  | Dex+2 Stlth+}
 68120 | Slime:5  | Gained mutation: Your body sometimes deteriorates upon
                  | taking damage. [a shining eye]
 68122 | Slime:5  | Gained mutation: Armour fits poorly on your strangely
                  | shaped body. [a shining eye]
 68125 | Slime:5  | Gained mutation: You are occasionally teleported next to
                  | monsters. [a shining eye]
 68135 | Slime:5  | Lost mutation: Your body sometimes deteriorates upon taking
                  | damage. [potion of mutation]
 68135 | Slime:5  | Lost mutation: You are occasionally teleported next to
                  | monsters. [potion of mutation]
 68135 | Slime:5  | Lost mutation: Your spells are a little easier to cast, but
                  | a little less powerful. [potion of mutation]
 68135 | Slime:5  | Gained mutation: You are somewhat resistant to further
                  | mutation. [potion of mutation]
 68136 | Slime:5  | Lost mutation: You occasionally shout uncontrollably at
                  | your foes. [potion of mutation]
 68136 | Slime:5  | Lost mutation: You are very weak. (Str -4) [potion of
                  | mutation]
 68136 | Slime:5  | Lost mutation: You have a pair of small horns on your head.
                  | [potion of mutation]
 68136 | Slime:5  | Lost mutation: You passively dampen the noise of your
                  | surroundings. [potion of mutation]
 68137 | Slime:5  | Lost mutation: You are very dopey. (Int -4) [potion of
                  | mutation]
 68137 | Slime:5  | Lost mutation: Your magical capacity is low. (-10% MP)
                  | [potion of mutation]
 68137 | Slime:5  | Lost mutation: Potions are less effective at restoring your
                  | health. [potion of mutation]
 68137 | Slime:5  | Gained mutation: You are strong-willed. (Will+) [potion of
                  | mutation]
 68138 | Slime:5  | Lost mutation: You are dopey. (Int -2) [potion of mutation]
 68138 | Slime:5  | Lost mutation: Armour fits poorly on your strangely shaped
                  | body. [potion of mutation]
 68138 | Slime:5  | Lost mutation: You are strong-willed. (Will+) [potion of
                  | mutation]
 68338 | Slime:2  | Lost mutation: You are somewhat resistant to further
                  | mutation. [a shining eye]
 68379 | Slime:2  | Gained mutation: Your magical capacity is low. (-10% MP) [a
                  | shining eye]
 68381 | Slime:2  | Lost mutation: You are weak. (Str -2) [a shining eye]
 68382 | Slime:2  | Gained mutation: You occasionally lose the ability to drink
                  | potions when taking damage. [a shining eye]
 68391 | Slime:2  | Reached skill level 10 in Spellcasting
 68396 | Slime:2  | Reached skill level 5 in Translocations
 68471 | Lair:5   | Lost mutation: You occasionally lose the ability to drink
                  | potions when taking damage. [potion of mutation]
 68471 | Lair:5   | Lost mutation: You do not regenerate when monsters are
                  | visible. [potion of mutation]
 68471 | Lair:5   | Lost mutation: Your magical capacity is low. (-10% MP)
                  | [potion of mutation]
 68471 | Lair:5   | Gained mutation: You are strong-willed. (Will+) [potion of
                  | mutation]
 68471 | Lair:5   | Gained mutation: Your flesh is heat resistant. (rF+)
                  | [potion of mutation]
 68844 | Pan      | Entered Pandemonium
 68866 | Pan      | Gained Okrist as an ally
 68870 | Pan      | Gained Bogwald as an ally
 68912 | Pan      | Found an exit through the horrors of the Abyss.
 68927 | Pan      | Your ally Bogwald died
 68928 | Pan      | Gained Boghold as an ally
 68942 | Pan      | Your ally Boghold died
 69278 | Pan      | Your ally Okrist died
 69702 | Pan      | Noticed Jitwuvap the pandemonium lord
 69753 | Pan      | Gained mutation: Your magical capacity is low. (-10% MP) [a
                  | neqoxec]
 69791 | Pan      | Killed Jitwuvap the pandemonium lord
 69792 | Pan      | Reached skill level 26 in Fighting
 70209 | Pan      | Gained mutation: You occasionally lose the ability to read
                  | scrolls when taking damage. [a neqoxec]
 70400 | Pan      | Gained Urtork as an ally
 70400 | Pan      | Gained Brunolf as an ally
 70405 | Pan      | Your ally Urtork died
 70407 | Pan      | Gained mutation: You are agile. (Dex +4, Str/Int -1) [a
                  | cacodemon]
 70414 | Pan      | Lost mutation: You are strong-willed. (Will+) [a cacodemon]
 70420 | Pan      | Your ally Brunolf died
 70779 | Pan      | Gained Berold as an ally
 70793 | Pan      | Your ally Berold died
 70950 | Pan      | Got a demonic rune of Zot
 71256 | Pan      | Noticed Dypischoo the pandemonium lord
 71273 | Pan      | Killed Dypischoo the pandemonium lord
 72066 | Pan      | Identified the amulet "Ofagiz" {Spirit Int+2 SInv}
 72072 | Pan      | Upgraded the game from 0.30-a0-1161-g0704695555 to
                  | 0.30-a0-1163-gf69bf04e7a
 72096 | Pan      | Gained mutation: You are weak. (Str -2) [a cacodemon]
 72098 | Pan      | Was placed under penance by Beogh
 72110 | Pan      | Lost mutation: You are agile. (Dex +4, Str/Int -1) [potion
                  | of mutation]
 72110 | Pan      | Lost mutation: You are partially covered in iridescent
                  | scales. (AC +2) [potion of mutation]
 72110 | Pan      | Gained mutation: You are frail. (-10% HP) [potion of
                  | mutation]
 72111 | Pan      | Lost mutation: You are weak. (Str -2) [potion of mutation]
 72111 | Pan      | Lost mutation: Your flesh is heat resistant. (rF+) [potion
                  | of mutation]
 72111 | Pan      | Lost mutation: You are frail. (-10% HP) [potion of
                  | mutation]
 72111 | Pan      | Lost mutation: Your magical capacity is low. (-10% MP)
                  | [potion of mutation]
 72111 | Pan      | Gained mutation: Armour fits poorly on your strangely
                  | shaped body. [potion of mutation]
 72112 | Pan      | Lost mutation: Armour fits poorly on your strangely shaped
                  | body. [potion of mutation]
 72112 | Pan      | Lost mutation: You occasionally lose the ability to read
                  | scrolls when taking damage. [potion of mutation]
 72112 | Pan      | Gained mutation: You occasionally shout uncontrollably at
                  | your foes. [potion of mutation]
 72112 | Pan      | Gained mutation: You have sharp toenails. [potion of
                  | mutation]
 72121 | Pan      | HP: 11/269 [balrug/divine providence (14)]
 72124 | Pan      | HP: 5/269 [demonspawn warmonger/+1 demon trident of flaming
                  | (17)]
 72124 | Pan      | HP: 1/269 [something (3)]
 72132 | Pan      | HP: 11/269 [balrug/divine providence (11)]
 72137 | Pan      | HP: 4/269 [balrug/divine providence (10)]
 72137 | Pan      | Killed from afar by a balrug

Illustrated notes

Levels and vault maps discovered:
D:1:      ebering_trefoil_3fold, layout_basic
D:2:      minmay_kobold_bridge, layout_basic, serial_shops, shop,
          hellmonk_ecumenical_altar_lost_god, basic_altar
D:3:      layout_loops_ring, nicolae_overflow_crystal_walls,
          yredelemnul_altar_generic, hellmonk_ghost_happy_afterlife,
          uniq_crazy_yiuf_cottage
D:4:      layout_basic, uniq_duvessa
D:5:      layout_layer_cave, serial_glass, glass_columns_c, glass_columns_b
D:6:      layout_basic, mainiacjoe_overflow_divided_tiny, temple_statues,
          serial_shops, shop, minmay_fire_ice_demons
D:7:      minmay_the_grid_octo_2x2 [minmay_the_grid_octo_thin_diamonds,
          minmay_the_grid_octo_clover_2, minmay_the_grid_octo_focus,
          minmay_the_grid_octo_prize_single_spiral], layout_basic, led_xom_imps,
          nicolae_ossuary_entry_monument
D:8:      layout_basic, hellmonk_okawaru_the_only_friend_you_need,
          serial_curves, eino_curves_01, eino_curves_02, grunt_ogre_cave
D:9:      layout_irregular_city, mainiacjoe_overflow_alcove_4,
          david_lair_generic, gammafunk_ghost_hydra_chop, uniq_erica
D:10:     layout_rooms, orc_0_dummy, serial_shops,
          nicolae_shop_just_a_little_nook
D:11:     layout_basic, nicolae_gozag_conspicuous_consumption
D:12:     layout_basic, nicolae_hepliaklqana_hippocampus
D:13:     layout_cave_pools, david_vaults_5, nicolae_rejected_hall
D:14:     layout_gridville, minmay_fountain_box, minmay_holes, uniq_jorgrun,
          uniq_frances
D:15:     grunt_enter_depths_hoard, layout_stronghold, lemuel_crystal_altar
Lair:1:   layout_long_grid, minivault_11
Lair:2:   layout_regular_city, gammafunk_ghost_necromancy, uniq_maggie
Lair:3:   beargit_carnivore_pack, layout_loops_ring, swamp_mist,
          minmay_snake_entry_guardpost_small, uniq_sonja
Lair:4:   layout_regular_city, st_stairs_10
Lair:5:   due_jungle_book, layout_loops_ring, minmay_slime_entry_oklob_enclosed,
          pond
Swamp:1:  layout_basic_swamp, hangedman_swamp_ruin_wall, uniq_mlioglotl
Swamp:2:  layout_basic_swamp, infiniplex_staircase_pool, swamp_pool1
Swamp:3:  layout_falls_marsh, ebering_ghost_inner_flame,
          nicolae_swamp_some_circles, uniq_nikola
Swamp:4:  swamp_basic_johnstein, layout_basic_swamp,
          ebering_ghost_disaster_area, swamp_pool2, nicolae_swamp_round_clearing
Snake:1:  layout_misc_corridors, gammafunk_ghost_split,
          nicolae_snake_gridmaze_waves, uniq_aizul
Snake:2:  nicolae_snake_shooting_gallery, layout_layer_cave
Snake:3:  layout_misc_corridors
Snake:4:  grunt_snake_rune_spirals, layout_onion, serial_shops, shop,
          uniq_vashnia, uniq_mara, uniq_louise
Slime:1:  layout_caves, nicolae_slime_barrier
Slime:2:  layout_caves, nicolae_slime_phagocytosis
Slime:3:  layout_caves, dissolution_awaits
Slime:4:  layout_caves
Slime:5
Orc:1:    layout_caves, serial_shops, shop, shop, shop, basic_altar
Orc:2:    kennysheep_orc_mage_school, layout_diamond_mine
Elf:1:    eino_elf_arrival_altar, layout_loops_cross, serial_shops, shop,
          hangedman_corner_corridor, nicolae_shop_i_like_big_books
Elf:2:    elven_hall_of_blades_hangedman_original
          [infiniplex_blade_entry_pillars], layout_loops_cross,
          serial_hangedman_research, hangedman_research_probablistics,
          hangedman_research_thanatology, hangedman_research_convocations,
          hangedman_research_pyrotechnics, grunt_ministairs_10, uniq_zenata
Elf:3:    minmay_elf_hall_golems, layout_geoelf_diagonals, grunt_ministairs_6,
          nicolae_elf_elemental_lessons
Vaults:1: gammafunk_ghost_mausoleum, ontoclasm_vaults_claustrophobia,
          nicolae_vaults_tetromino_Z_2, nicolae_vaults_twisting_passages,
          nicolae_vaults_two_Ls, vaults_room_stairs_pillars, v_misc_27,
          nicolae_vaults_theta, nicolae_vaults_more_shelving_1,
          nicolae_vaults_alarming, nicolae_vaults_closet_pinwheel_3,
          nicolae_vaults_two_Ls, nicolae_vaults_trapezoid_1,
          layout_vaults_omnicross
Vaults:2: v_misc_14, nicolae_vaults_theta, grunt_vaults_swirl,
          nicolae_vaults_know_your_exits, hangedman_vaults_locks,
          vaults_mumra_lcd, vaults_room_grid, nicolae_vaults_meiosis,
          vaults_dpeg_emergency_exit, hangedman_vaults_impose,
          nicolae_vaults_trapezoid_4, nicolae_vaults_more_shelving_2,
          vaults_dpeg_hooks, nicolae_vaults_tetromino_T_1,
          ontoclasm_vaults_loading_screen, layout_vaults_omnibox, uniq_xtahua
Vaults:3: nicolae_vaults_trapezoid_3, nicolae_vaults_tetromino_L_1,
          minmay_crypt_entry_necro_gods, nicolae_vaults_house_3,
          nicolae_vaults_cochlea, nicolae_vaults_rhombus_6,
          dpeg_vaults_monster_box, ontoclasm_vaults_loading_screen,
          nicolae_vaults_theta, nicolae_vaults_specimen_jars,
          layout_vaults_big_room, serial_shops, nicolae_square_shop
Vaults:4: ebering_ghost_rock_garden, vaults_dpeg_doors, ontoclasm_vaults_eye,
          hangedman_vaults_stream, nicolae_vaults_house_2,
          nicolae_vaults_mini_display_case, nicolae_vaults_closet_pinwheel_5,
          layout_vaults_quadrants, serial_shops, shop
Vaults:5
Depths:1: layout_gridville, pf_coc_iceberg, drop_trap,
          trog_three_pillars_becter, kennysheep_cross_landing, uniq_enchantress,
          uniq_saint_roka
Depths:2: hangedman_screamer, layout_basic, grunt_pan_entry_in_and_out,
          serial_glass, glass_columns_a, glass_columns_a, hell_entry,
          minivault_16, minmay_hidden_floor, uniq_bai_suzhen
Depths:3: evilmike_hourglass, layout_cave_shapes, enter_ziggurat_f,
          kennysheep_cluttered_room, gammafunk_ghost_grave,
          hangedman_abyss_entry_splay, pf_hell_entry_tar_spiral,
          rand_demon_pan_entry_1, uniq_jory
Depths:4: lemuel_castle_with_subvaults [lemuel_castle_interior_carwin_1],
          layout_gridlike, hellmouth_3, roderic_three_in_a_row,
          serial_bayou_shore_b
Zot:1:    kennysheep_room_grid, layout_gridlike, gammafunk_ghost_grave
Zot:2:    circus_mu, layout_cathedral_of_symmetry, hangedman_zot_gyre,
          skrybe_zot_glass_3
Zot:3:    layout_gridlike
Zot:4:    layout_misc_corridors, uniq_josephina
Zot:5:    layout_gridlike, lemuel_lake_of_fire
Pan:      grunt_pan_in_and_out, layout_gridville, pan_blood_fountain_small,
          evilmike_mini_pan_doors, layout_gridville, gammafunk_the_bubble
          [the_bubble_gammafunk_split], layout_basic

Skill      XL: |  1  2  3  4  5  6  7  8  9 10 11 12 13 14 15 16 17 18 19 20 21 22 23 24 25 26 27 |
---------------+----------------------------------------------------------------------------------+-----
Fighting       | 4 5 6 7 8 9 10 11 12 13 15 16 18 19 20 21 22 23 24 26 | 26.3
Axes           | 5 6 7 8 9 10 12 14 15 16 17 18 19 20 21 22 23 24 25 | 25.0
Invocations    | 4 6 9 11 13 14 15 17 18 20 21 23 | 23.0
Armour         | 2 4 6 7 8 9 10 11 12 13 14 15 16 17 18 19 20 | 20.9
Shields        | 3 5 6 8 9 10 11 12 13 14 | 14.2
Evocations     | 3 4 5 7 8 9 11 13 14 16 17 18 20 21 22 | 22.5
Dodging        | 3 4 5 6 7 8 9 10 11 12 13 14 15 | 15.9
Spellcasting   | 5 11 | 11.3
Translocations | 7 |  7.9

Action                     |  1- 3 |  4- 6 |  7- 9 | 10-12 | 13-15 | 16-18 | 19-21 | 22-24 | 25-27 || total
---------------------------+-------+-------+-------+-------+-------+-------+-------+-------+-------++-------
  Melee: Hand axe          |   112 |   114 |   248 |   482 |       |       |       |       |       ||   956
         Broad axe         |       |       |       |    60 |   839 |  1172 |  1496 |  1777 |  3245 ||  8589
         Flail             |       |       |       |       |       |    42 |       |       |       ||    42
         Unarmed           |       |       |       |       |       |       |       |       |    11 ||    11
         Headbutt          |       |       |       |       |       |       |       |       |   298 ||   298
 Invoke: Smiting           |       |     2 |     3 |     5 |    11 |    11 |     5 |     6 |    22 ||    65
         Recall Orcish Fol |       |       |     1 |     3 |     3 |     2 |     1 |       |     2 ||    12
         Give Item to Name |       |       |       |     1 |     3 |     3 |     2 |     2 |       ||    11
Ability: Evoke Blink       |       |       |       |       |       |     1 |       |     1 |       ||     2
  Evoke: Wand              |       |     1 |     3 |     1 |       |    40 |       |     2 |    15 ||    62
         Lightning rod     |       |       |       |       |       |     5 |       |     4 |     4 ||    13
         Box of beasts     |       |       |       |       |       |     1 |       |       |     2 ||     3
         Phantom mirror    |       |       |       |       |       |       |       |       |     3 ||     3
    Use: Scroll            |       |       |     6 |    15 |    18 |     4 |     9 |    10 |    12 ||    74
         Potion            |       |       |       |     1 |       |     3 |       |     6 |    68 ||    78
   Stab: Distracted        |       |       |     4 |     4 |     6 |    13 |    10 |     7 |    35 ||    79
         Confused          |       |       |       |       |     3 |     1 |       |       |       ||     4
         Invisible         |       |       |       |       |       |       |       |    22 |       ||    22
 Armour: Robe              |    16 |       |       |       |       |       |       |       |       ||    16
         Ring mail         |    23 |     4 |       |       |       |       |       |       |       ||    27
         Chain mail        |       |    42 |    27 |       |       |       |       |       |       ||    69
         Plate armour      |       |       |   102 |   208 |   360 |   439 |   285 |    95 |       ||  1489
         Gold dragon scale |       |       |       |       |       |       |       |   516 |   832 ||  1348
  Dodge: Dodged            |    63 |    41 |    58 |   192 |   334 |   751 |   859 |  1352 |  1894 ||  5544
  Block: Orb               |       |       |     4 |    21 |       |       |       |       |       ||    25
         Reflection        |       |       |       |    16 |    22 |   113 |    53 |       |       ||   204
         Buckler           |       |       |       |   196 |   444 |   884 |   901 |  1548 |  2314 ||  6287
         Other             |       |       |       |       |       |       |       |       |     2 ||     2

Table legend: (Time is in decaauts)
 A = Elapsed time spent in this place.
 B = Non-inter-level travel time spent in this place.
 C = Inter-level travel time spent in this place.
 D = Time resting spent in this place.
 E = Time spent auto-exploring this place.
 F = Levels seen in this place.
 G = Mean time per level.
                   A        B        C        D        E       F      G
               +--------+--------+--------+--------+--------+-----+--------+
         Total |  69695 |  63005 |   6690 |   9467 |  38734 |  61 | 1142.5 |
       Dungeon |  18574 |  15702 |   2872 |   2663 |  10468 |  15 | 1238.3 |
          Lair |   5751 |   4804 |    947 |    445 |   3531 |   5 | 1150.2 |
         Swamp |   4059 |   3867 |    192 |    804 |   2185 |   4 | 1014.8 |
     Snake Pit |   4649 |   4440 |    209 |    358 |   2939 |   4 | 1162.2 |
    Slime Pits |   3748 |   3592 |    156 |   1454 |   1356 |   5 |  749.6 |
  Orcish Mines |   1309 |   1048 |    261 |     72 |    681 |   2 |  654.5 |
   Elven Halls |   4097 |   3765 |    332 |    302 |   2367 |   3 | 1365.7 |
        Vaults |   7765 |   7004 |    761 |   1164 |   4386 |   5 | 1553.0 |
        Depths |   6894 |   6246 |    648 |    617 |   3901 |   4 | 1723.5 |
           Zot |   7037 |   6729 |    308 |    707 |   4054 |   5 | 1407.4 |
         Abyss |   2453 |   2453 |      0 |    355 |   1040 |   5 |  490.6 |
   Pandemonium |   3120 |   3120 |      0 |    525 |   1689 |   3 | 1040.0 |
       Ossuary |    235 |    235 |      0 |      0 |    135 |   1 |  235.0 |
               +--------+--------+--------+--------+--------+-----+--------+

Top non-repeatable levels by time:
Depths:2: 1964 daAuts
Vaults:1: 1952 daAuts
  Lair:5: 1944 daAuts
   Zot:5: 1912 daAuts
     D:9: 1761 daAuts
Depths:4: 1721 daAuts
Vaults:4: 1720 daAuts
Depths:3: 1704 daAuts
    D:12: 1622 daAuts
   Zot:1: 1553 daAuts
   Elf:2: 1545 daAuts
 Snake:2: 1519 daAuts
Depths:1: 1504 daAuts
    D:13: 1496 daAuts
   Elf:3: 1486 daAuts
